 Dungeon Crawl Stone Soup version 0.25-a0-663-gace7076f2c (webtiles) character file.

Game seed: 539952796450366464, levelgen mode: deterministic

2396 n0claF the Cleaver (level 9, -2/79 HPs)
             Began as a Hill Orc Fighter on Mar 24, 2020.
             Was a Follower of Beogh.
             Slain by a hippogriff (6 damage)
             ... on level 7 of the Dungeon.
             The game lasted 00:19:02 (8447 turns).

n0claF the Cleaver (Hill Orc Fighter)               Turns: 8447, Time: 00:19:02

Health: -2/79      AC:  9    Str: 22    XL:     9   Next: 46%
Magic:  9/9        EV:  8    Int:  8    God:    Beogh [*.....]
Gold:   250        SH: 10    Dex: 10    Spells: 8/8 levels left

rFire    . . .     SeeInvis .   a - +0 war axe
rCold    . . .     Gourm    .   c - +0 kite shield
rNeg     . . .     Faith    .   b - +0 scale mail
rPois    .         Spirit   .   (no helmet)
rElec    .         Reflect  .   (no cloak)
rCorr    .         Harm     .   (no gloves)
MR       .....                  (no boots)
Stlth    ..........             (no amulet)
HPRegen  0.23/turn              w - +2 ring of protection
MPRegen  0.11/turn              (no ring)

@: no status effects
A: no striking features
a: Renounce Religion


You were on level 7 of the Dungeon.
You worshipped Beogh.
Beogh was aware of your devotion.
You were not hungry.

You visited 1 branch of the dungeon, and saw 7 of its levels.

You collected 330 gold pieces.
You spent 80 gold pieces at shops.

Inventory:

Hand Weapons
 a - a +0 war axe (weapon)
Armour
 b - a +0 scale mail (worn)
 c - a +0 kite shield (worn)
 f - a +0 plate armour
   (You took it off an orc warrior on level 6 of the Dungeon)
Jewellery
 j - an uncursed amulet of harm
   (You found it on level 4 of the Dungeon)
 k - an uncursed ring of ice
   (You found it on level 2 of the Dungeon)
 s - a +1 ring of evasion {unknown}
   (You found it on level 6 of the Dungeon)
 w - a +2 ring of protection (left hand)
   (You found it on level 5 of the Dungeon)
Wands
 d - a wand of polymorph (6)
   (You took it off Sigmund on level 6 of the Dungeon)
 t - a wand of flame (18)
   (You took it off Natasha on level 4 of the Dungeon)
 x - a wand of acid (9)
   (You found it on level 2 of the Dungeon)
Scrolls
 g - 2 scrolls of identify {@r1}
 i - 2 scrolls of teleportation {@r4}
 q - a scroll of fear
 v - 2 scrolls of remove curse {@r2}
Potions
 h - 2 potions of degeneration {!q!d}
 l - a potion of cancellation {unknown}
 m - a potion of heal wounds {@q2}
 n - 2 potions of lignification {!q}
 o - 3 potions of curing {@q1}
 p - 2 potions of magic
 r - 2 potions of stabbing
Comestibles
 e - 13 rations {!d}
 u - a chunk of flesh


   Skills:
 + Level 7.6 Fighting
 * Level 10.5 Axes
 + Level 6.9 Armour
 + Level 6.9 Shields


You had 8 spell levels left.
You didn't know any spells.
Your spell library contained the following spells:

 Spells                   Type           Power        Failure   Level  Hunger
 Magic Dart               Conj           #...         96%         1    ##.....
 Blink                    Tloc           N/A          99%         2    ###....
 Call Imp                 Summ           #.......     99%         2    ###....
 Slow                     Hex            #.......     99%         2    ###....
 Confusing Touch          Hex            #.......     100%        3    ####...
 Conjure Flame            Conj/Fire      #.......     100%        3    ####...
 Gell's Gravitas          Tloc           #.........   100%        3    ####...
 Mephitic Cloud           Conj/Pois/Air  #.......     100%        3    ####...
 Petrify                  Tmut/Erth      #.......     100%        4    #####..
 Metabolic Englaciation   Hex/Ice        #.........   100%        5    ######.
 Yara's Violent Unravell  Hex/Tmut       #.........   100%        5    ######.


Dungeon Overview and Level Annotations

Branches:
Dungeon (7/15)             Temple (0/1) D:4

Altars:
Xom

Shops:
D:4 =   D:5 *[[[}


Message History

A hippogriff comes into view.
The hippogriff screeches!
You hit the hippogriff. The hippogriff bites you!
The hippogriff closely misses you. You block the hippogriff's attack.
You hit the hippogriff.
The hippogriff bites you but does no damage.
You block the hippogriff's attack. x2
You slice the hippogriff!! You block the hippogriff's attack.
The hippogriff pecks you.
The hippogriff claws you but does no damage.
You slash the hippogriff! The hippogriff bites you.
The hippogriff pecks you but does no damage.
The hippogriff closely misses you.
You slash the hippogriff!
You kill the hippogriff!
Beogh accepts your kill.
You slash the hippogriff! You block the hippogriff's attack. x2
The hippogriff claws you but does no damage.
You closely miss the hippogriff. The hippogriff bites you.
The hippogriff pecks you. The hippogriff barely misses you.
You slash the hippogriff!
The hippogriff bites you but does no damage.
The hippogriff pecks you but does no damage.
The hippogriff claws you but does no damage.
You hit the hippogriff but do no damage.
The hippogriff bites you!
* * * LOW HITPOINT WARNING * * *
The hippogriff pecks you.
* * * LOW HITPOINT WARNING * * *
The hippogriff claws you but does no damage.
The hippogriff bites you.
* * * LOW HITPOINT WARNING * * *
You block the hippogriff's attack. The hippogriff claws you!
* * * LOW HITPOINT WARNING * * *
You slash the hippogriff! The hippogriff bites you!
* * * LOW HITPOINT WARNING * * *
You block the hippogriff's attack.
The hippogriff claws you but does no damage.
Your shield prevents you from hitting the hippogriff.
You hit the hippogriff but do no damage.
You block the hippogriff's attack. The hippogriff closely misses you.
You block the hippogriff's attack.
You hit the hippogriff. The hippogriff bites you.
* * * LOW HITPOINT WARNING * * *
The hippogriff closely misses you.
The hippogriff claws you but does no damage.
The hippogriff bites you.
* * * LOW HITPOINT WARNING * * *
The hippogriff pecks you.
You die...

.# .. # ## .# ..
##. .#
...##..##.#
........#.#
.......)..#
.......†@.+####
.......÷.H......
................
................
#...............
##..............
##.....#......#
############.#


You could see a hippogriff.

Vanquished Creatures
  Sigmund (D:6)
  A hippogriff (D:7)
  A water moccasin (D:6)
  An orc warrior (D:6)
  3 sky beasts
  2 black bears
  2 ogres (D:6)
  A phantom (D:5)
  A centaur (D:5)
  A bullfrog (D:6)
  2 scorpions (D:6)
  4 howler monkeys
  A crimson imp (D:6)
  2 bullfrog zombies
  A bullfrog skeleton (D:4)
  2 orc priests (D:6)
  3 hounds
  A jelly (D:5)
  2 orc wizards (D:6)
  A centaur skeleton (D:5)
  A worker ant (D:4)
  Natasha (thrice) (D:4)
  2 iguanas (D:5)
  A hound zombie (D:5)
  9 adders
  An ooze (D:1)
  5 worms
  3 dart slugs
  6 leopard geckos
  13 orcs
  6 giant cockroaches
  7 goblins
  7 hobgoblins
  2 jackals (D:5)
  14 kobolds
  4 quokkas
  2 ball pythons
  9 bats
  4 frilled lizards
  A leopard gecko skeleton (D:5)
  A quokka skeleton (D:5)
  9 rats
143 creatures vanquished.

Vanquished Creatures (others)
  An orc priest (D:4)
  An adder (D:4)
  An orc (D:4)
3 creatures vanquished.

Grand Total: 146 creatures vanquished

Notes
Turn   | Place    | Note
-------+----------+-------------------------------------------
     0 | D:1      | n0claF the Hill Orc Fighter began the quest for the Orb.
     0 | D:1      | Reached XP level 1. HP: 19/19 MP: 1/1
    47 | D:1      | Reached skill level 3 in Axes
    51 | D:1      | Reached XP level 2. HP: 27/27 MP: 2/2
   280 | D:1      | Reached XP level 3. HP: 32/33 MP: 3/3
   801 | D:2      | Reached skill level 4 in Axes
   803 | D:2      | Reached XP level 4. HP: 32/40 MP: 4/4
  1991 | D:3      | Found a shimmering altar of Xom.
  1994 | D:3      | Found a shimmering altar of Xom.
  1995 | D:3      | Found a shimmering altar of Xom.
  1995 | D:3      | Found a shimmering altar of Xom.
  2006 | D:3      | Found a shimmering altar of Xom.
  2129 | D:3      | Reached XP level 5. HP: 45/47 MP: 5/5
  2284 | D:3      | Reached skill level 5 in Axes
  2727 | D:4      | Found Ukhuisy's Jewellery Shoppe.
  2755 | D:4      | Became a worshipper of Beogh the Brigand
  2994 | D:4      | Found a staircase to the Ecumenical Temple.
  3053 | D:4      | Noticed Natasha
  3069 | D:4      | Killed Natasha
  3069 | D:4      | Reached XP level 6. HP: 38/53 MP: 6/6
  3378 | D:4      | Noticed Natasha
  3386 | D:4      | Killed Natasha
  3701 | D:4      | Found a staircase to the Ecumenical Temple.
  3764 | D:4      | Noticed Natasha
  3769 | D:4      | Killed Natasha
  3769 | D:4      | Reached skill level 5 in Fighting
  3857 | D:4      | Found Ukhuisy's Jewellery Shoppe.
  4219 | D:4      | Found Ukhuisy's Jewellery Shoppe.
  4359 | D:4      | Found a staircase to the Ecumenical Temple.
  4772 | D:4      | Found Ukhuisy's Jewellery Shoppe.
  4993 | D:4      | Found a staircase to the Ecumenical Temple.
  5241 | D:5      | Entered Level 5 of the Dungeon
  5241 | D:5      | Noticed a sky beast
  5267 | D:4      | Killed a sky beast
  5267 | D:4      | Reached skill level 6 in Axes
  5550 | D:5      | Found Tieqelesae's Antique Armour Shop.
  5561 | D:5      | Found Lyroff's Antique Armour Emporium.
  5570 | D:5      | Reached XP level 7. HP: 47/61 MP: 7/7
  5847 | D:5      | Found Haxoriat's General Store.
  5855 | D:5      | Bought a scroll of identify for 20 gold pieces
  5855 | D:5      | Bought a scroll of remove curse for 30 gold pieces
  5855 | D:5      | Bought a potion of curing for 30 gold pieces
  5887 | D:5      | Found Irorigu's Armour Shoppe.
  5912 | D:5      | Reached skill level 7 in Axes
  5912 | D:5      | Reached skill level 5 in Armour
  5912 | D:5      | Reached skill level 5 in Shields
  6124 | D:5      | Reached XP level 8. HP: 46/70 MP: 8/8
  6255 | D:5      | Found Ixkaywas's Gadget Shop.
  6919 | D:6      | Reached skill level 8 in Axes
  7192 | D:6      | Noticed Sigmund
  7222 | D:6      | HP: 2/71 [orc warrior/+0 long sword (13)]
  7227 | D:6      | Reached skill level 9 in Axes
  7596 | D:6      | Reached XP level 9. HP: 31/79 MP: 9/9
  8066 | D:6      | Killed Sigmund
  8311 | D:6      | Reached skill level 10 in Axes
  8410 | D:7      | Reached * piety under Beogh
  8447 | D:7      | Slain by a hippogriff

Levels and vault maps discovered:
D:1:      wander_arrival_desolate, layout_loops_ring
D:2:      layout_loops_corners, first_ration
D:3:      layout_loops_ring, xom_redecorated
D:4:      layout_loops_ring, minmay_temple_entry_arrows, serial_shops,
          nicolae_shop_temple_entry_statues_fountains, uniq_natasha
D:5:      layout_basic, serial_shops, shop, nicolae_shop_behind_doors,
          nicolae_shop_statue_plus, shop, shop, roderic_serpentine_path
D:6:      layout_basic, uniq_sigmund
D:7:      layout_rooms, grunt_temple_overflow_cloverleaf, lemuel_round_altar,
          serial_rivers, chequers_serial_rivers_small_a,
          chequers_serial_rivers_large_a, chequers_serial_rivers_room_a,
          chequers_serial_rivers_micro_e, chequers_serial_rivers_marsh

Skill      XL: |  1  2  3  4  5  6  7  8  9 |
---------------+----------------------------+-----
Axes           | 3 4 5 6 7 9 10 | 10.5
Fighting       | 4 5 7 |  7.6
Shields        | 4 5 6 |  6.9
Armour         | 4 5 6 |  6.9

Action                   |  1- 3 |  4- 6 |  7- 9 || total
-------------------------+-------+-------+-------++-------
Melee: War axe           |   118 |   255 |   240 ||   613
Invok: Convert to Beogh  |       |     1 |       ||     1
  Use: Scroll            |       |     4 |    10 ||    14
       Potion            |       |       |     5 ||     5
  Eat: Chunk             |       |     8 |     7 ||    15
       Ration            |       |     2 |     1 ||     3
Armor: Scale mail        |    50 |   108 |    90 ||   248
Dodge: Dodged            |    39 |    64 |    68 ||   171
Block: Kite shield       |    72 |   121 |   123 ||   316

Table legend:
 A = Non-vault XP
 B = Vault XP
 C = Vault XP percentage of total XP
 D = Non-vault monster count
 E = Vault monster count
 F = Vault count percentage of total count
                 A         B        C        D         E       F
            +---------+---------+-------+---------+---------+-------
      Total |    3142 |     281 |   8.2 |     141 |       2 |   1.4
            +---------+---------+-------+---------+---------+-------
        D:1 |      42 |       0 |   0.0 |      23 |       0 |   0.0
        D:2 |      98 |       0 |   0.0 |      30 |       0 |   0.0
        D:3 |      88 |       0 |   0.0 |      24 |       0 |   0.0
        D:4 |     321 |      35 |   9.8 |      18 |       1 |   5.3
        D:5 |     643 |       0 |   0.0 |      16 |       0 |   0.0
        D:6 |    1375 |     246 |  15.2 |      22 |       1 |   4.3
        D:7 |     575 |       0 |   0.0 |       8 |       0 |   0.0
            +---------+---------+-------+---------+---------+-------
